 Dungeon Crawl Stone Soup version 0.28-a0-2-g643f2454ad (webtiles) character file.

Game seed: 897558723101913202

24798 zazu2006 the Covert (level 13, -12/112 HPs)
             Began as a Naga Hedge Wizard on July 22, 2021.
             Was an Elder of Vehumet.
             Splashed by an acid dragon's acid (17 damage)
             ... on level 11 of the Dungeon.
             The game lasted 00:38:42 (18766 turns).

zazu2006 the Covert (Naga Hedge Wizard)            Turns: 18766, Time: 00:38:43

Health: -12/112    AC: 16    Str: 13    XL:     13   Next: 15%
Magic:  23/25      EV: 12    Int: 17    God:    Vehumet [****..]
Gold:   786        SH:  0    Dex: 19    Spells: 20/29 levels left

rFire   . . .      SeeInvis +   T - +1 scimitar (flame)
rCold   . . .      Faith    .   (no shield)
rNeg    . . .      Spirit   .   f - +4 ring mail
rPois   +          Reflect  .   W - +0 helmet {SInv}
rElec   .          Harm     .   V - +1 cloak {Stlth+}
rCorr   .          Rampage  .   (no gloves)
Will    +....                   (no barding)
Stlth   +++++.....              H - amulet of magic regeneration
HPRegen 0.28/turn               t - +4 ring of protection
MPRegen 0.44/turn               G - +6 ring of dexterity

@: corroded, very slow
A: AC +4, large, see invisible, deformed body, poison resistance, slowness 2,
spit poison 1, naga tail 2
a: Spit Poison, Renounce Religion


You were on level 11 of the Dungeon.
You worshipped Vehumet.
Vehumet was greatly pleased with you.
You visited 2 branches of the dungeon, and saw 12 of its levels.

You collected 786 gold pieces.

Inventory:

Hand Weapons
 e - a +2 dagger of venom
 r - a +0 falchion
 v - a +1 dagger of freezing
 S - the +9 hand crossbow "Oseraen" {flame, rN++ Will- Dex+6}
   (You took it off an orc warrior on level 9 of the Dungeon)

   Any ammunition fired from it burns those it strikes, dealing additional fire
   damage.
   Dex:       It affects your dexterity (+6).
   rN:        It greatly protects you from negative energy.
   Will:      It decreases your willpower.
 T - a +1 scimitar of flaming (weapon)
 Y - the +3 falchion of Past Mistakes {freeze, rC+}
   (You found it on level 10 of the Dungeon)

   It freezes those it strikes, dealing additional cold damage.
   It can also slow down cold-blooded creatures.
   rC:        It protects you from cold.
Missiles
 l - 7 curare-tipped darts
Armour
 c - a +0 hat
 f - a +4 ring mail (worn)
 D - +1 steam dragon scales
 F - a +2 cloak
 N - a +1 leather armour of fire resistance
 Q - +0 acid dragon scales
 V - a +1 cloak of stealth (worn)
 W - a +0 helmet of see invisible (worn)
 X - the +1 cloak of the Hidden Vale {Slay+2}
   (You found it on level 9 of the Dungeon)

   Slay:      It affects your accuracy & damage with ranged weapons and melee
   (+2).
 Z - a +1 cloak of willpower
Jewellery
 t - a +4 ring of protection (left hand)
 G - a +6 ring of dexterity (right hand)
 H - an amulet of magic regeneration (around neck)
 I - a ring of see invisible
 K - a ring of willpower
Wands
 o - a wand of flame (17)
 q - a wand of acid (3)
 C - a wand of iceblast (17)
 U - a wand of paralysis (11)
Scrolls
 b - 4 scrolls of enchant weapon {unknown}
 g - a scroll of magic mapping {unknown}
 k - 7 scrolls of teleportation
 n - 2 scrolls of blinking {unknown}
 s - 2 scrolls of enchant armour {unknown}
 u - 2 scrolls of noise {unknown}
 x - 4 scrolls of immolation {unknown}
 y - 2 scrolls of fear {unknown}
 z - a scroll of torment {unknown}
 A - 2 scrolls of vulnerability {unknown}
 B - a scroll of fog {unknown}
 J - a scroll of summoning
 M - a scroll of amnesia {unknown}
 O - 4 scrolls of identify
 R - a scroll of holy word {unknown}
Potions
 a - 2 potions of curing
 d - 2 potions of lignification
 h - a potion of invisibility
 i - a potion of cancellation
 j - a potion of resistance
 m - 2 potions of flight {unknown}
 p - 3 potions of mutation {unknown}
 w - 3 potions of haste
 E - 2 potions of ambrosia {unknown}
 L - a potion of degeneration {unknown}
Miscellaneous
 P - a piece from Xom's chessboard (15/15)


   Skills:
 + Level 6.5 Fighting
 - Level 0.2(2.7) Short Blades
 + Level 4.4(4.5) Long Blades
 + Level 0.4 Throwing
 + Level 8.0 Armour
 + Level 6.6 Dodging
 + Level 11.1 Stealth
 + Level 8.5 Spellcasting
 + Level 6.9 Conjurations
 + Level 1.0 Summonings
 + Level 3.7 Translocations
 + Level 1.0 Fire Magic
 + Level 4.2 Air Magic
 + Level 9.9 Poison Magic
 + Level 1.6 Evocations


You had 20 spell levels left.
You knew the following spells:

 Your Spells              Type           Power      Damage    Failure   Level
a - Magic Dart            Conj           100%       1d8       1%          1
b - Mephitic Cloud        Conj/Pois/Air  31%        N/A       1%          3
c - Conjure Flame         Conj/Fire      20%        6-21      3%          3
d - Blink                 Tloc           N/A        N/A       6%          2

Your spell library contained the following spells:

 Spells                   Type           Power      Damage    Failure   Level
 Iskenderun's Battlesphe  Conj           30%        2d8       9%          5
 Poisonous Vapours        Pois/Air       62%        N/A       1%          2
 Olgreb's Toxic Radiance  Pois           41%        N/A       1%          4
 Sting                    Tmut/Pois      96%        1d7       2%          1
 Apportation              Tloc           38%        N/A       4%          1
 Summon Small Mammal      Summ           40%        N/A       13%         1
 Animate Skeleton         Necr           14%        N/A       19%         1
 Corona                   Hex            7%         N/A       19%         1
 Call Imp                 Summ           10%        N/A       19%         2
 Portal Projectile        Hex/Tloc       26%        N/A       26%         3
 Slow                     Hex            7%         N/A       28%         2
 Call Canine Familiar     Summ           10%        N/A       36%         3
 Leda's Liquefaction      Hex/Erth       3%         N/A       88%         4


Dungeon Overview and Level Annotations

Branches:
Dungeon (11/15)            Temple (1/1) D:4            Lair (0/6) D:10
    Orc: D:9-12

Altars:
Ashenzari
Cheibriados
Dithmenos
Elyvilon
Fedhas
Gozag
Hepliaklqana
Nemelex Xobeh
Qazlal
Ru
Sif Muna
Trog
Vehumet
Wu Jian
Xom
Yredelemnul
Zin

Shops:
D:2 *   D:3 =   D:7 :   D:10 =

Annotations:
D:3 siradein's ghost, novice GrEE
D:4 Duvessa


Innate Abilities, Weirdness & Mutations

Your serpentine skin is tough. (AC +4)
You have supernaturally acute eyesight. (SInv)
Armour fits poorly on your strangely shaped body.
Your system is resistant to poisons. (rPois)
You cover ground very slowly.
You can spit poison.
You can use your snake-like lower body to constrict enemies.


Message History

* * * LOW HITPOINT WARNING * * *
The acid dragon completely misses you.
Unknown command.
You barely miss the acid dragon.
The acid dragon is almost dead.
The acid dragon barely misses you. x2
Casting: Blink (safe; 6% risk of failure)
Confirm with . or Enter, or press ? or * to list all spells.
Aiming: Magic Dart (safe; 1% risk of failure)
Press: ? - help, Shift-Dir - straight line, f - acid dragon
Aim: an acid dragon (almost dead, 100% to hit)
The magic dart hits the acid dragon but does no damage.
The acid dragon is almost dead.
The acid dragon closely misses you.
The acid dragon claws you but does no damage.
You hit the acid dragon but do no damage.
The acid dragon is almost dead.
The acid dragon bites you.
* * * LOW HITPOINT WARNING * * *
The acid dragon barely misses you.
Unknown command.
You feel better. The acid dragon bites you!
* * * LOW HITPOINT WARNING * * *
The acid dragon claws you but does no damage.
You hit the acid dragon. You burn the acid dragon.
The acid dragon is almost dead.
The acid dragon spits acid at you. The splash of acid hits you.
* * * LOW HITPOINT WARNING * * *
You are splashed with acid!
* * * LOW HITPOINT WARNING * * *
Casting: Magic Dart (safe; 1% risk of failure)
Confirm with . or Enter, or press ? or * to list all spells.
You blink.
The red ugly thing gores you but does no damage.
The acid dragon spits acid at you. The splash of acid hits you.
* * * LOW HITPOINT WARNING * * *
The acid corrodes you!
You are splashed with acid!
You die...

#..............†.......##......
#......................#.......
#................$.W...........
##....................§.#....o.
#....................###uW....
##.####..........##....##......
#.. ###...........#.##.D...#...
##.. #....†...9u#####.....D###..
#...##.........@............###.
..........O.......#........##...
........#....##..###......#.....
..###....##..##o.###.........#..
###...D..##....###.###...####
#.##............######..## #.
##....#..........#.......# #.
#.....##........##..)....# ##
#......#........#...)##...# #


You could see a red ugly thing, a two-headed ogre, a wraith, an acid dragon
(catching breath), a gargoyle and an orc wizard.

Vanquished Creatures
  A hydra (D:9)
  Erolcha (D:10)
  A death knight (D:9)
  8 two-headed ogres
  4 centaur warriors (D:9)
  Pikel (D:7)
  A wizard (D:9)
  A manticore (D:9)
  A cyclops (D:9)
  Maurice (D:11)
  Psyche (D:8)
  Maggie (D:6)
  An unseen horror (D:9)
  An efreet (D:9)
  A komodo dragon (D:11)
  A freezing wraith (D:9)
  A hornet (D:9)
  Prince Ribbit (D:5)
  Grinder (D:4)
  A wraith (D:9)
  A vampire (D:10)
  3 wyverns
  A basilisk (D:9)
  6 yaks
  Eustachio (D:4)
  8 vampire mosquitoes
  Grum (D:11)
  2 steam dragons
  Menkaure (D:5)
  An acid dragon (D:9)
  Edmund (D:6)
  2 water moccasins
  6 orc warriors
  3 sky beasts
  3 black bears
  A hornet zombie (D:6)
  2 ice beasts (D:6)
  A necrophage (D:6)
  3 ogres (D:6)
  3 wolves (D:11)
  8 centaurs
  2 lemures (D:7)
  A phantom (D:6)
  6 kobold brigands
  A wyvern zombie (D:7)
  Blork the orc (D:4)
  5 bullfrogs
  7 scorpions
  3 gnoll sergeants
  A water moccasin zombie (D:5)
  Dowan (D:4)
  2 killer bees (D:9)
  2 electric eels
  2 wights
  10 howler monkeys
  6 orc priests
  5 hounds
  7 centaur zombies
  2 gnoll shamans
  A centaur skeleton (D:6)
  A jelly (D:4)
  2 bullfrog skeletons (D:6)
  5 iguanas
  Natasha (thrice) (D:4)
  15 orc wizards
  3 killer bee zombies
  A hound skeleton (D:5)
  A howler monkey skeleton (D:6)
  8 gnolls
  6 adders
  A shadow imp (D:6)
  2 white imps
  2 worms (D:2)
  A dart slug (D:4)
  26 orcs
  11 endoplasms
  5 giant cockroaches
  8 hobgoblins
  6 jackals
  14 kobolds
  5 quokkas
  8 ball pythons
  6 bats
  4 frilled lizards
  3 rats
300 creatures vanquished.

Vanquished Creatures (others)
  2 centaur zombies (D:9)
  An orc wizard (D:7)
  3 orcs
  24 fungi
  25 plants
55 creatures vanquished.

Grand Total: 355 creatures vanquished

Notes
Turn   | Place    | Note
-------+----------+-------------------------------------------
     0 | D:1      | zazu2006 the Naga Hedge Wizard began the quest for the Orb.
     0 | D:1      | Reached XP level 1. HP: 15/15 MP: 4/4
   231 | D:1      | Reached XP level 2. HP: 21/22 MP: 0/6
   457 | D:1      | HP: 1/22 [jackal (3)]
   959 | D:1      | Reached XP level 3. HP: 25/28 MP: 0/8
  1969 | D:2      | Reached XP level 4. HP: 24/36 MP: 9/9
  2339 | D:2      | Found Goziraakh's Assorted Antiques.
  2491 | D:2      | Reached skill level 1 in Armour
  2541 | D:2      | Found a faded altar of an unknown god.
  2902 | D:3      | Learned a level 3 spell: Mephitic Cloud
  2906 | D:3      | Learned a level 3 spell: Conjure Flame
  2909 | D:3      | Learned a level 2 spell: Blink
  2992 | D:3      | Found Wiokhle's Jewellery Shoppe.
  2997 | D:3      | Reached XP level 5. HP: 41/43 MP: 11/11
  3078 | D:3      | Noticed siradein's ghost (novice GrEE)
  3259 | D:3      | Found a runed translucent gate.
  3259 | D:3      | Found a runed translucent gate.
  3259 | D:3      | Found a runed translucent gate.
  3281 | D:3      | Reached skill level 1 in Fighting
  3785 | D:3      | Found an opulent altar of Gozag.
  4075 | D:4      | Reached XP level 6. HP: 44/52 MP: 12/12
  4123 | D:4      | Found a hazy altar of Hepliaklqana.
  4176 | D:4      | Noticed Blork the orc
  4179 | D:4      | Found a staircase to the Ecumenical Temple.
  4188 | D:4      | Killed Blork the orc
  4189 | D:4      | Reached skill level 4 in Stealth
  4329 | Temple   | Entered the Ecumenical Temple
  4392 | Temple   | Became a worshipper of Vehumet
  4475 | D:4      | Noticed Grinder
  4508 | D:4      | Killed Grinder
  4509 | D:4      | Reached XP level 7. HP: 57/61 MP: 9/13
  4730 | D:4      | Noticed Natasha
  5290 | D:4      | Killed Natasha
  5560 | D:4      | Noticed Dowan
  5560 | D:4      | Noticed Duvessa
  5566 | D:4      | Noticed Natasha
  5575 | D:4      | Killed Natasha
  5584 | D:4      | Killed Dowan
  5746 | D:4      | Noticed Natasha
  5751 | D:4      | Killed Natasha
  5931 | D:5      | Entered Level 5 of the Dungeon
  5934 | D:5      | Noticed Eustachio
  5963 | D:4      | Killed Eustachio
  5964 | D:4      | Reached skill level 1 in Poison Magic
  5964 | D:4      | Reached XP level 8. HP: 25/68 MP: 11/14
  6238 | D:5      | You fall into a shaft and drop 1 floor!
  6245 | D:6      | Reached skill level 5 in Stealth
  6254 | D:6      | Reached skill level 5 in Armour
  6434 | D:5      | Noticed Prince Ribbit
  6446 | D:5      | Killed Prince Ribbit
  6545 | D:5      | Noticed Menkaure
  6562 | D:5      | Killed Menkaure
  6562 | D:5      | Reached * piety under Vehumet
  6562 | D:5      | Offered knowledge of Freeze by Vehumet.
  6854 | D:5      | Found a stormy altar of Qazlal.
  6932 | D:5      | Reached skill level 5 in Spellcasting
  8164 | D:6      | Found a shimmering altar of Xom.
  8175 | D:6      | Reached XP level 9. HP: 76/76 MP: 16/16
  8247 | D:6      | Noticed a two-headed ogre
  8261 | D:6      | Killed a two-headed ogre
  8262 | D:6      | Reached skill level 5 in Poison Magic
  9456 | D:6      | Noticed Maggie
  9480 | D:6      | Killed Maggie
  9481 | D:6      | Reached skill level 6 in Stealth
  9481 | D:6      | Reached XP level 10. HP: 84/87 MP: 18/18
  9759 | D:6      | Reached skill level 1 in Air Magic
 10156 | D:6      | Noticed Edmund
 10179 | D:6      | Killed Edmund
 10243 | D:6      | Noticed a two-headed ogre
 10264 | D:6      | Killed a two-headed ogre
 10380 | D:6      | Reached skill level 5 in Dodging
 11115 | D:6      | Found a shimmering blue altar of Sif Muna.
 11789 | D:7      | Noticed Pikel
 11820 | D:7      | Killed Pikel
 11821 | D:7      | Reached skill level 5 in Fighting
 11821 | D:7      | Reached skill level 7 in Stealth
 12177 | D:7      | Reached XP level 11. HP: 61/94 MP: 17/21
 12883 | D:7      | Offered knowledge of Shock by Vehumet.
 12895 | D:7      | Reached ** piety under Vehumet
 13200 | D:7      | Found Gead's Book Shoppe.
 13644 | D:8      | Noticed a two-headed ogre
 13645 | D:8      | Noticed a two-headed ogre
 13660 | D:8      | Killed a two-headed ogre
 13661 | D:8      | Reached skill level 5 in Conjurations
 13674 | D:8      | Killed a two-headed ogre
 13805 | D:8      | Found a basalt altar of Yredelemnul.
 13837 | D:8      | Found a snail-covered altar of Cheibriados.
 13991 | D:8      | Noticed Psyche
 14003 | D:8      | Killed Psyche
 14077 | D:9      | Found a broken altar of Ashenzari.
 14102 | D:9      | Reached skill level 8 in Stealth
 14317 | D:9      | Offered knowledge of Stone Arrow by Vehumet.
 14323 | D:9      | Noticed a six-headed hydra
 14585 | D:9      | Noticed a centaur warrior
 14602 | D:9      | Killed a centaur warrior
 14603 | D:9      | Reached skill level 1 in Evocations
 14931 | D:9      | Noticed a death knight
 14939 | D:9      | Noticed a two-headed ogre
 14940 | D:9      | Noticed a centaur warrior
 14948 | D:9      | Noticed a centaur warrior
 14948 | D:9      | Killed a two-headed ogre
 14956 | D:9      | Reached *** piety under Vehumet
 14957 | D:9      | Noticed a centaur warrior
 14973 | D:9      | Killed a centaur warrior
 15000 | D:9      | Reached XP level 12. HP: 55/103 MP: 20/23
 15036 | D:9      | Killed a death knight
 15037 | D:9      | Reached skill level 9 in Stealth
 15047 | D:9      | Noticed a two-headed ogre
 15078 | D:9      | Killed a centaur warrior
 15230 | D:9      | Killed a centaur warrior
 15309 | D:9      | Identified the +9 hand crossbow "Oseraen" {flame, rN++
                  | Will- Dex+6}
 15477 | D:9      | Noticed a two-headed ogre
 15499 | D:9      | Killed a two-headed ogre
 15514 | D:9      | Found a shadowy altar of Dithmenos.
 15550 | D:9      | Offered knowledge of Fulminant Prism by Vehumet.
 16082 | D:9      | Reached skill level 10 in Stealth
 16269 | D:9      | Found a sparkling altar of Nemelex Xobeh.
 16484 | D:9      | Identified the +1 cloak of the Hidden Vale {Slay+2}
 16524 | D:9      | Killed a three-headed hydra
 16525 | D:9      | Reached skill level 1 in Fire Magic
 16780 | D:9      | Noticed an angel
 16781 | D:9      | Found a glowing silver altar of Zin.
 17117 | D:10     | Entered Level 10 of the Dungeon
 17143 | D:10     | Noticed Erolcha
 17158 | D:10     | Killed Erolcha
 17159 | D:10     | Reached skill level 1 in Long Blades
 17305 | D:10     | Found Tecwe's Jewellery Shoppe.
 17669 | D:10     | Reached **** piety under Vehumet
 17859 | D:10     | Found a staircase to the Lair.
 17898 | D:10     | Identified the +3 falchion of Past Mistakes {freeze, rC+}
 18161 | D:10     | Found an ornate altar of the Wu Jian Council.
 18262 | D:10     | Found a bloodstained altar of Trog.
 18345 | D:11     | Noticed Grum
 18370 | D:11     | Killed Grum
 18416 | D:11     | Noticed a two-headed ogre
 18420 | D:11     | Noticed Maurice
 18430 | D:11     | Killed a two-headed ogre
 18430 | D:11     | Noticed a two-headed ogre
 18431 | D:11     | Gained mutation: You can use your snake-like lower body to
                  | constrict enemies. [Naga growth]
 18431 | D:11     | Reached XP level 13. HP: 100/112 MP: 25/25
 18438 | D:11     | Killed Maurice
 18441 | D:11     | Reached skill level 11 in Stealth
 18651 | D:11     | Offered knowledge of Iskenderun's Battlesphere by Vehumet.
 18766 | D:11     | HP: 5/112 [acid dragon/splash of acid (2)]
 18766 | D:11     | Splashed by an acid dragon's acid

Illustrated notes

Levels and vault maps discovered:
D:1:      erik_arrival_orb_chamber, layout_rooms
D:2:      layout_basic, serial_shops, nicolae_shop_trees,
          shapermc_ecumenical_altar_mp_urbaneastern
D:3:      layout_basic, general_overflow_altar, serial_shops,
          nicolae_diamond_shop, gammafunk_ghost_split
D:4:      layout_gridville, mainiacjoe_overflow_six_doors_small, temple_pool_b,
          minivault_19, uniq_duvessa, uniq_grinder, uniq_blork_the_orc,
          uniq_natasha
D:5:      layout_cave_pods, mainiacjoe_overflow_alcove_4,
          chequers_serial_rivers_marsh, uniq_eustachio, uniq_prince_ribbit1,
          uniq_menkaure
D:6:      kennysheep_windowed_halls, layout_layer_cave,
          kennysheep_orc_sif_temple, lemuel_round_altar, minmay_joined_circles,
          uniq_edmund, uniq_maggie
D:7:      layout_basic, serial_shops, shop, serial_bayou_pond_b, uniq_pikel
D:8:      layout_gridville, mainiacjoe_overflow_two_lobes, uniq_psyche
D:9:      minmay_the_grid_square_5x5_4x4 [minmay_the_grid_square_5x5_shrine1,
          minmay_the_grid_square_5x5_three_walls,
          minmay_the_grid_square_5x5_slash,
          minmay_the_grid_square_5x5_checkered_statues,
          minmay_the_grid_square_5x5_n,
          minmay_the_grid_square_5x5_prize_monsterx,
          minmay_the_grid_square_5x5_prize_waves,
          minmay_the_grid_square_5x5_eight,
          minmay_the_grid_square_5x5_inverted_slash,
          minmay_the_grid_square_5x5_prize_junk,
          minmay_the_grid_square_5x5_prize_rear_guard,
          minmay_the_grid_square_5x5_inner_i,
          minmay_the_grid_square_5x5_fancy_junction,
          minmay_the_grid_square_5x5_n_small, minmay_the_grid_square_5x5_seven,
          minmay_the_grid_square_5x5_shrine2], layout_basic,
          mainiacjoe_overflow_alcove_1, zin_angel, ashenzari_altar_1,
          old_standard_altar, minmay_diced_spiral
D:10:     layout_gridville, marbit_many_paths, pdpol_wu_jian_five_deadly_venoms,
          grunt_lair_entry_orc_guard_hut, serial_shops, kennysheep_little_box,
          hangedman_decor_clover_reticule, uniq_erolcha
D:11:     layout_cave_pools, minmay_orc_entry_temple_small, uniq_grum,
          uniq_maurice
Temple:   nicolae_temple_figure_zero

Skill      XL: |  1  2  3  4  5  6  7  8  9 10 11 12 13 |
---------------+----------------------------------------+-----
Dodging        | 2 3 4 5 6 |  6.6
Spellcasting   | 4 5 6 7 8 |  8.5
Armour         | 1 2 3 4 5 6 7 8 |  8.0
Fighting       | 2 3 4 5 6 |  6.5
Stealth        | 4 5 6 7 8 10 11 | 11.1
Conjurations   | 2 3 4 6 |  6.9
Poison Magic   | 1 4 6 7 8 9 |  9.9
Air Magic      | 1 2 4 |  4.2
Translocations | 3 |  3.7
Evocations     | 1 |  1.6
Fire Magic     | 1 |  1.0
Long Blades    | 3 4 |  4.4
Short Blades   | |  0.2
Throwing       | |  0.4
Summonings     | |  1.0

Action                   |  1- 3 |  4- 6 |  7- 9 | 10-12 | 13-15 || total
-------------------------+-------+-------+-------+-------+-------++-------
Melee: Dagger            |    67 |   140 |   312 |   601 |       ||  1120
       Scimitar          |       |       |       |   113 |    39 ||   152
       Constrict         |       |       |       |       |     5 ||     5
Throw: Dart              |       |     6 |       |       |       ||     6
 Cast: Magic Dart        |    55 |     8 |    61 |    76 |     1 ||   201
       Blink             |       |       |     3 |    24 |     9 ||    36
       Mephitic Cloud    |       |       |     5 |    76 |     2 ||    83
       Conjure Flame     |       |       |     1 |    15 |       ||    16
 Abil: Spit Poison       |    10 |     2 |     9 |    35 |       ||    56
Evoke: Wand              |       |       |     1 |    28 |     2 ||    31
  Use: Scroll            |       |       |     2 |     7 |       ||     9
       Potion            |       |       |       |     3 |     1 ||     4
 Stab: Sleeping          |       |     5 |     2 |     7 |       ||    14
       Confused          |       |       |     4 |    47 |       ||    51
       Distracted        |       |       |     1 |       |       ||     1
Armor: Robe              |    10 |       |       |       |       ||    10
       Ring mail         |    12 |    52 |   182 |   451 |    42 ||   739
Dodge: Dodged            |    35 |    59 |   190 |   454 |    40 ||   778
       Rpst.: Scimitar   |       |       |       |    29 |     7 ||    36

Table legend: (Time is in decaauts)
 A = Elapsed time spent in this place.
 B = Non-inter-level travel time spent in this place.
 C = Inter-level travel time spent in this place.
 D = Time resting spent in this place.
 E = Time spent auto-exploring this place.
 F = Levels seen in this place.
 G = Mean time per level.
                   A        B        C        D        E       F      G
               +--------+--------+--------+--------+--------+-----+--------+
         Total |  22334 |  21733 |    601 |   2760 |  14323 |  12 | 1861.2 |
       Dungeon |  22231 |  21647 |    584 |   2760 |  14252 |  11 | 2021.0 |
        Temple |    103 |     87 |     16 |      0 |     71 |   1 |  103.0 |
               +--------+--------+--------+--------+--------+-----+--------+

Top non-repeatable levels by time:
     D:6: 4425 daAuts
     D:9: 3571 daAuts
     D:4: 2879 daAuts
     D:3: 1815 daAuts
     D:7: 1753 daAuts
     D:1: 1726 daAuts
     D:2: 1631 daAuts
     D:5: 1568 daAuts
    D:10: 1531 daAuts
     D:8: 841 daAuts
    D:11: 485 daAuts
  Temple: 103 daAuts
